[Event "Team 45 45 League T37"]
[Site "Internet Chess Club"]
[Date "2008.04.26"]
[Round "1"]
[White "ampolsager"]
[Black "lmadueno"]
[Result "1-0"]
[WhiteElo "1613"]
[BlackElo "1528"]
[Opening "English: Sicilian reversed"]
[ECO "A25"]
[Time "22:01:23"]
[TimeControl "2700+0"]

1. c4 e5 2. Nc3 Nc6 3. g3 Bc5 4. Bg2 Nf6 5. e3 a6 6. Nge2 d6 7. O-O Be6 8. Nd5
O-O 9. d4 Bxd5 10. cxd5 Nxd5 11. Bxd5 exd4 12. exd4 Bb6 13. Bxc6 bxc6 14. Be3 f5
15. Nf4 Qf6 16. h4 c5 17. Qb3+ Kh8 18. dxc5 Bxc5 19. Bxc5 dxc5 20. Rac1 Rab8 21.
Qc3 Qh6 22. Kg2 Rb5 23. a3 Rfb8 24. b4 cxb4 25. axb4 Rc8 26. Rfe1 Qd6 27. Ne6
Qd7 28. h5 h6 29. Nf4 Kh7 30. Rcd1 Qf7 31. Re6 c5 32. bxc5 Rbxc5 33. Qb3 Rb5 34.
Rxh6+ Kg8 35. Qxf7+ Kxf7 36. Rxa6 Kg8 37. Ng6 Rb4 38. Ne7+ {Black resigns} 1-0

[Event "Team 45 45 League T37"]
[Site "Internet Chess Club"]
[Date "2008.04.24"]
[Round "1"]
[White "isolani"]
[Black "celebrat"]
[Result "1/2-1/2"]
[WhiteElo "1550"]
[BlackElo "1511"]
[Opening "King's Indian: East Indian defense"]
[ECO "A48"]
[Time "19:56:53"]
[TimeControl "2700+45"]

1. d4 Nf6 2. Nf3 g6 3. Nbd2 d6 4. e4 Bg7 5. Bd3 Nbd7 6. O-O O-O 7. Re1 c5 8. c3
Re8 9. Nf1 h6 10. Ng3 a6 11. e5 dxe5 12. dxe5 Ng4 13. e6 Nde5 14. exf7+ Kxf7 15.
Nxe5+ Nxe5 16. Rxe5 Bxe5 17. Bxg6+ Kg8 18. Qh5 Be6 19. Bh7+ Kxh7 20. Qxh6+ Kg8
21. Qxe6+ Kh7 22. Qh6+ Kg8 23. Qg6+ Kh8 24. Qh5+ Kg8 25. Qg6+ {Game drawn by
mutual agreement} 1/2-1/2

[Event "Team 45 45 League T37"]
[Site "Internet Chess Club"]
[Date "2008.04.26"]
[Round "1"]
[White "iamchessnuts"]
[Black "jjmolina"]
[Result "1/2-1/2"]
[WhiteElo "1553"]
[BlackElo "1614"]
[Opening "Scotch: Schmidt variation"]
[ECO "C45"]
[Time "13:03:14"]
[TimeControl "2700+45"]

1. e4 e5 2. Nf3 Nc6 3. d4 exd4 4. Nxd4 Nf6 5. Nc3 Bb4 6. f3 d5 7. Nxc6 bxc6 8.
Bd2 dxe4 9. Nxe4 Nxe4 10. Bxb4 Qh4+ 11. g3 Nxg3 12. hxg3 Qxb4+ 13. Kf2 Qxb2 14.
Bc4 O-O 15. Rh4 Bf5 16. Bb3 Rad8 17. Qc1 Qxc1 18. Rxc1 Rd2+ 19. Ke3 Rg2 20. Rc4
Re8+ 21. Kf4 Bd7 22. Rd1 Re7 23. Rcd4 Be8 24. Ra4 g5+ 25. Kxg5 Rxg3+ 26. Kf4 Rg6
27. Rxa7 Rf6+ 28. Kg3 Kf8 29. Ra8 Rd6 30. Rh1 Kg7 31. Ra4 Re2 32. Rah4 Rg6+ 33.
Kf4 h6 34. a4 c5 35. a5 Bb5 36. Rd1 c4 37. Ba2 Rf6+ 38. Kg3 Rg6+ 39. Kh3 Reg2
40. Rg4 R2xg4 41. fxg4 Rd6 42. Rxd6 cxd6 43. c3 Kf6 44. Bb1 d5 45. Kh4 Kg7 46.
Kh5 f6 47. Bf5 Ba6 48. Be6 Bb7 {Game drawn by mutual agreement} 1/2-1/2

[Event "Team 45 45 League T37"]
[Site "Internet Chess Club"]
[Date "2008.04.26"]
[Round "1"]
[White "PANAMA-REY"]
[Black "ADIOKiddo4Ever"]
[Result "0-1"]
[WhiteElo "1465"]
[BlackElo "1589"]
[Opening "Scandinavian (center counter) defense"]
[ECO "B01"]
[Time "21:06:28"]
[TimeControl "2700+45"]

1. e4 d5 2. exd5 Qxd5 3. d4 Nf6 4. Nf3 Bf5 5. Be2 c6 6. c4 Qd7 7. Nc3 e6 8. Bg5
Be7 9. O-O O-O 10. c5 h6 11. Bf4 Nd5 12. Ne5 Qd8 13. Nxd5 cxd5 14. Bg4 Bh7 15.
Bh5 Nc6 16. Qg4 Bg5 17. Bxg5 Qxg5 18. Qxg5 hxg5 19. Nxc6 bxc6 20. b4 Rab8 21. a3
Bd3 22. Rfe1 g6 23. Bg4 Kg7 24. Re3 Bc4 25. Rae1 Rbe8 26. Bd1 Bb5 27. Re5 Kf6
28. R1e3 Rh8 29. Rf3+ Kg7 30. Rxg5 f6 31. Rgg3 Rh4 32. Bc2 f5 33. a4 Bc4 34. Bb3
Rxd4 35. Bxc4 Rxc4 36. Rc3 Rxb4 37. f3 Rxa4 38. f4 Rb8 39. Ra3 Rb1+ 40. Kf2 Rb2+
41. Ke1 Rxa3 42. Rxa3 Rb7 43. Ra6 Kf6 44. Rxc6 a5 45. Ra6 Rb5 46. c6 Rc5 47. Kd2
Ke7 48. Kd3 Kd6 49. Kd4 Rxc6 50. Rxa5 Rc4+ 51. Ke3 d4+ 52. Kd3 Rc5 53. Ra6+ Kd5
54. Ra8 Rc3+ 55. Kd2 Ke4 56. g3 Rd3+ 57. Ke2 Re3+ 58. Kf2 d3 59. Ra2 Rf3+ 60.
Ke1 Re3+ 61. Kf2 Rf3+ 62. Ke1 e5 63. Ra4+ Ke3 64. Ra2 exf4 65. gxf4 Rxf4 66. Rd2
Rg4 67. Rf2 Rg1+ 68. Rf1 Rxf1+ 69. Kxf1 f4 {White resigns} 0-1

[Event "Team 45 45 League T37"]
[Site "Internet Chess Club"]
[Date "2008.04.25"]
[Round "1"]
[White "Tazmataz"]
[Black "Emrebey"]
[Result "0-1"]
[WhiteElo "1591"]
[BlackElo "1548"]
[Opening "Sicilian defense"]
[ECO "B34"]
[Time "14:32:09"]
[TimeControl "2700+45"]

1. e4 c5 2. Nf3 Nc6 3. d4 cxd4 4. Nxd4 g6 5. c3 Bg7 6. Be3 Nf6 7. Nd2 O-O 8. Bb5
Qc7 9. Rc1 a6 10. Be2 d5 11. Bf3 Ne5 12. Bf4 Nd3+ 13. Kf1 Nxf4 14. c4 dxe4 15.
Nxe4 Nxe4 16. Bxe4 Rd8 17. Qb3 Rxd4 18. Bf3 Be6 19. Qe3 Rxc4 20. Re1 Rc8 21. g3
Nd5 22. Qd2 Rc2 23. Qg5 Qb6 24. Re2 Rxe2 25. Kxe2 Rc2+ 26. Kd3 Nb4+ 27. Ke4 f5+
28. Kf4 Qd4+ 29. Be4 Rxf2# {White checkmated} 0-1

[Event "Team 45 45 League T37"]
[Site "Internet Chess Club"]
[Date "2008.04.25"]
[Round "1"]
[White "Tomate"]
[Black "Just-Jim"]
[Result "1-0"]
[WhiteElo "1466"]
[BlackElo "1328"]
[Opening "Ruy Lopez: Cozio defense"]
[ECO "C60"]
[Time "19:09:04"]
[TimeControl "2700+45"]

1. e4 e5 2. Nf3 Nc6 3. Bb5 Nge7 4. O-O d6 5. c3 Bd7 6. d4 a6 7. Ba4 b5 8. Bb3 h5
9. Ng5 d5 10. Qf3 f6 11. exd5 Bg4 12. dxc6 Bxf3 13. Bf7# {Black checkmated} 1-0

[Event "Team 45 45 League T37"]
[Site "Internet Chess Club"]
[Date "2008.04.26"]
[Round "1"]
[White "Traho"]
[Black "katabatico"]
[Result "0-1"]
[WhiteElo "1270"]
[BlackElo "1384"]
[Opening "Réti: King's Indian attack (Barcza system)"]
[ECO "A07"]
[Time "13:01:52"]
[TimeControl "2700+45"]

1. Nf3 d5 2. g3 Nc6 3. d3 e5 4. Bg2 Bc5 5. O-O Nf6 6. e3 Bg4 7. Re1 O-O 8. Nbd2
e4 9. h3 Bh5 10. g4 Nxg4 11. Nb3 Bb6 12. hxg4 Bxg4 13. Nbd2 exf3 14. Nxf3 Re8
15. Qd2 Qf6 16. Nh2 Bd7 17. Bxd5 Qg5+ 18. Bg2 Bh3 19. f4 Bxe3+ 20. Qxe3 Qxg2#
{White checkmated} 0-1

[Event "Team 45 45 League T37"]
[Site "Internet Chess Club"]
[Date "2008.04.27"]
[Round "1"]
[White "Visin"]
[Black "Conjurer"]
[Result "1-0"]
[WhiteElo "1297"]
[BlackElo "1335"]
[Opening "Sicilian: dragon variation"]
[ECO "B70"]
[Time "15:01:05"]
[TimeControl "2700+45"]

1. e4 c5 2. Nf3 d6 3. d4 cxd4 4. Nxd4 Nf6 5. Nc3 g6 6. Be2 Bg7 7. Bd2 Nxe4 8.
Nxe4 Bxd4 9. Bc3 Bxc3+ 10. Nxc3 O-O 11. O-O Nd7 12. Re1 e5 13. Qxd6 Qf6 14. Qxf6
Nxf6 15. Rad1 Bf5 16. Rd2 Nd7 17. Bd3 Be6 18. a3 f6 19. Be4 Nc5 20. Bd5 Rad8 21.
Bxe6+ Nxe6 22. Red1 Rxd2 23. Rxd2 Nd4 24. Ne2 Rd8 25. Nxd4 exd4 26. c3 d3 27. f3
f5 28. Kf2 f4 29. g3 g5 30. gxf4 gxf4 31. Kg2 h5 32. Kh3 Kg7 33. Kh4 Kg6 34. c4
b6 35. b4 Rc8 36. Rxd3 Rxc4 37. Rd6+ Kf5 38. Kxh5 Rc7 39. Rd5+ Ke6 40. Rd3 Ke5
41. Kg4 Rh7 42. Rd2 Rg7+ 43. Kh3 b5 44. Rg2 Rh7+ 45. Kg4 a6 46. h4 Rg7+ 47. Kh3
Rxg2 48. Kxg2 Kf5 49. Kh3 Kg6 50. Kg4 Kh6 51. Kxf4 Kh5 52. Kg3 Kh6 53. Kg4 Kg6
54. f4 Kf6 55. f5 Kf7 56. Kg5 Kg7 57. h5 Kf7 58. f6 Kg8 59. Kg6 Kf8 60. f7 Ke7
61. Kg7 {Black resigns} 1-0

[Event "Team 45 45 League T37"]
[Site "Internet Chess Club"]
[Date "2008.04.26"]
[Round "1"]
[White "OOB1"]
[Black "scottrugby"]
[Result "1-0"]
[WhiteElo "1558"]
[BlackElo "1482"]
[Opening "Sicilian: closed"]
[ECO "B23"]
[Time "20:04:17"]
[TimeControl "2700+45"]

1. e4 c5 2. Nc3 g6 3. d4 cxd4 4. Qxd4 Nf6 5. e5 Nc6 6. Qh4 Nxe5 7. Bf4 Nc6 8.
Bb5 Bg7 9. Nf3 a6 10. Ba4 Qb6 11. Bb3 d6 12. h3 Nb4 13. O-O-O O-O 14. Ng5 Bd7
15. Nce4 Nh5 16. g4 Nxa2+ 17. Bxa2 Qxb2+ 18. Kd2 Qd4+ 19. Ke1 Qb4+ 20. Bd2 Qa4
21. Bb3 Qd4 22. gxh5 h6 23. Nf3 g5 24. Bxg5 hxg5 25. Nfxg5 Qb4+ 26. Kf1 e6 27.
h6 Be5 28. Nf6+ Bxf6 29. Qxb4 Bxg5 30. Rg1 f6 31. h4 Bb5+ 32. c4 {Black resigns}
1-0

[Event "Team 45 45 League T37"]
[Site "Internet Chess Club"]
[Date "2008.04.27"]
[Round "1"]
[White "hierroviejo"]
[Black "Mfalme"]
[Result "1-0"]
[WhiteElo "1324"]
[BlackElo "1263"]
[Opening "Philidor's defense"]
[ECO "C41"]
[Time "07:58:52"]
[TimeControl "2700+45"]

1. e4 e5 2. Nf3 d6 3. Bc4 h6 4. d4 exd4 5. Nxd4 Bd7 6. Nc3 Nc6 7. O-O Qf6 8.
Ndb5 O-O-O 9. Nd5 Qe5 10. Re1 Na5 11. f4 Nxc4 12. fxe5 Bxb5 13. a4 Ba6 14. b4 b6
15. b5 Bb7 16. Qg4+ Kb8 17. Bf4 Nxe5 18. Bxe5 dxe5 19. Rad1 Bxd5 20. Rxd5 Rxd5
21. exd5 f6 22. Qd7 Bc5+ 23. Kf1 Ne7 24. Ra1 Bd6 25. a5 g5 26. a6 f5 27. Ra4 h5
28. Rc4 Nxd5 29. Qc6 Kc8 30. Qxd5 Rf8 {Black resigns} 1-0

[Event "Team 45 45 League T37"]
[Site "Internet Chess Club"]
[Date "2008.04.25"]
[Round "1"]
[White "Fidelian"]
[Black "supraholic"]
[Result "0-1"]
[WhiteElo "1247"]
[BlackElo "1353"]
[Opening "Ruy Lopez: Cozio defense"]
[ECO "C60"]
[Time "14:08:16"]
[TimeControl "2700+45"]

1. e4 e5 2. Nf3 Nc6 3. Bb5 Nge7 4. Nc3 a6 5. Bc4 b5 6. Bb3 h6 7. d3 Ng6 8. g3
Bb4 9. Bd2 O-O 10. Bd5 Bb7 11. a4 bxa4 12. Nxa4 Bxd2+ 13. Qxd2 Qf6 14. Ng1 Nge7
15. Nc5 Bc8 16. b4 d6 17. Nb3 Nxd5 18. exd5 Ne7 19. c4 Bg4 20. Qe3 Rfe8 21. h3
Bh5 22. g4 Bg6 23. Ne2 h5 24. Kd2 Reb8 25. Ra4 c6 26. g5 Qf5 27. Ng3 Qd7 28.
dxc6 Qxc6 29. Rha1 d5 30. c5 e4 31. Nd4 Qd7 32. h4 Nc6 33. Rxa6 Rxa6 34. Rxa6
Nxb4 35. Rb6 Rxb6 36. cxb6 Nxd3 37. Nge2 Ne5 38. Qb3 Nc4+ 39. Ke1 Qb7 40. Nf4
Qxb6 41. Qxb6 Nxb6 42. Nxg6 fxg6 43. Ke2 Kf7 44. f3 exf3+ 45. Kxf3 Ke7 46. Kf4
Kd6 47. Ke3 Ke5 48. Nf3+ Kf5 49. Nh2 Nc4+ 50. Kd4 Ne5 51. Kxd5 Kf4 52. Ke6 Kg3
53. Kxe5 Kxh2 54. Kf4 Kh3 55. Kf3 Kxh4 56. Kf4 Kh3 57. Kf3 h4 58. Kf4 Kg2 59.
Kg4 h3 {White resigns} 0-1

[Event "Team 45 45 League T37"]
[Site "Internet Chess Club"]
[Date "2008.04.25"]
[Round "1"]
[White "SufferingBruin"]
[Black "dharris"]
[Result "1-0"]
[WhiteElo "1209"]
[BlackElo "1124"]
[Opening "Ruy Lopez: Caro variation"]
[ECO "C70"]
[Time "18:45:24"]
[TimeControl "2700+45"]

1. e4 e5 2. Nf3 Nc6 3. Bb5 a6 4. Ba4 b5 5. Bb3 Qe7 6. O-O Nf6 7. d3 Bb7 8. Bg5
O-O-O 9. Nc3 Qe8 10. Nd5 Be7 11. Nxe7+ Qxe7 12. a4 h6 13. Bh4 g5 14. Bg3 d5 15.
exd5 Nxd5 16. Bxd5 Rxd5 17. Qe2 e4 18. dxe4 Nd4 19. Nxd4 Rxd4 20. f3 b4 21. Rfd1
Qc5 22. Bf2 Rxd1+ 23. Rxd1 Qc6 24. b3 h5 25. Qd2 a5 26. Qxg5 Qxc2 27. Rc1 Qxb3
28. Qxa5 c6 29. Qf5+ Kb8 30. Qe5+ Kc8 31. Qxh8+ Kc7 32. Qe5+ Kd7 33. Qf5+ Ke7
34. Bc5+ Kd8 35. Qf6+ Kc8 36. Bb6 Kb8 37. Qd8+ Bc8 38. Qc7+ {Black resigns} 1-0

[Event "Team 45 45 League T37"]
[Site "Internet Chess Club"]
[Date "2008.04.27"]
[Round "1"]
[White "DFME"]
[Black "Boromir"]
[Result "1/2-1/2"]
[WhiteElo "1737"]
[BlackElo "1986"]
[Opening "QGA: classical, 6...a6"]
[ECO "D27"]
[Time "14:06:55"]
[TimeControl "2700+45"]

1. d4 d5 2. c4 dxc4 3. Nf3 Nf6 4. e3 e6 5. Bxc4 c5 6. O-O a6 7. dxc5 Qxd1 8.
Rxd1 Bxc5 9. a3 b5 10. Bd3 Bb7 11. b4 Bb6 12. Bb2 O-O 13. Bxf6 gxf6 14. Nc3 Rd8
15. Be4 Nc6 16. Rac1 Rac8 17. Ne2 Rxd1+ 18. Rxd1 f5 19. Bxc6 Bxc6 20. Ne5 Ba8
21. Nd7 Bd8 22. Nc5 Bf6 23. Nxa6 Bb2 24. Nd4 Bxd4 25. exd4 Rc3 26. Ra1 Rc4 27.
f3 Bd5 28. Kf2 Rxd4 29. Rc1 Rd2+ 30. Kg3 Ra2 31. Rc5 Rxa3 32. Nc7 Bc4 33. Nxb5
Bxb5 34. Rxb5 Rb3 35. Rb7 Kg7 36. b5 e5 37. Rb8 Rb4 38. b6 h5 39. b7 Kf6 40. Rh8
{Game drawn by mutual agreement} 1/2-1/2

[Event "Team 45 45 League T37"]
[Site "Internet Chess Club"]
[Date "2008.04.27"]
[Round "1"]
[White "ivanson"]
[Black "ChessyNessy"]
[Result "1-0"]
[WhiteElo "1836"]
[BlackElo "1871"]
[Opening "Ruy Lopez: Schliemann defense"]
[ECO "C63"]
[Time "15:08:42"]
[TimeControl "2700+45"]

1. e4 e5 2. Nf3 Nc6 3. Bb5 f5 4. d3 Nf6 5. O-O d6 6. Nc3 f4 7. d4 Bd7 8. dxe5
Nxe5 9. Bxd7+ Qxd7 10. Bxf4 Ng6 11. Bg3 h5 12. e5 Ng8 13. exd6 Bxd6 14. Re1+
N8e7 15. Bxd6 cxd6 16. Qd3 O-O-O 17. Rad1 Kb8 18. Nb5 Nf5 19. Nbd4 Rhf8 20. Ne6
Rf6 21. Nxd8 Qxd8 22. Qb5 Rf8 23. Nd4 Nxd4 24. Rxd4 Nh4 25. Rde4 Qf6 26. Re8+
Rxe8 27. Qxe8+ Kc7 28. Qe7+ Kc6 29. Qxf6 gxf6 30. Re6 Nf5 31. c3 Kc5 32. Rxf6
Ne7 33. Rh6 Kc4 34. Rxd6 {Black resigns} 1-0

[Event "Team 45 45 League T37"]
[Site "Internet Chess Club"]
[Date "2008.04.27"]
[Round "1"]
[White "Ernie1"]
[Black "PJ"]
[Result "0-1"]
[WhiteElo "1639"]
[BlackElo "1768"]
[Opening "Nimzo-Indian: Sämisch variation"]
[ECO "E24"]
[Time "14:00:39"]
[TimeControl "2700+45"]

1. d4 Nf6 2. c4 e6 3. Nc3 Bb4 4. a3 Bxc3+ 5. bxc3 c5 6. Bg5 Qa5 7. Qc2 cxd4 8.
Bxf6 gxf6 9. Nf3 Qxc3+ 10. Qxc3 dxc3 11. Rc1 Na6 12. Rxc3 Nc5 13. Nd4 a6 14. Rf3
Ke7 15. Re3 d6 16. Nf5+ Kd7 17. Nh6 b5 18. cxb5 axb5 19. Nxf7 Rf8 20. Nh6 Bb7
21. Rg3 Be4 22. f3 Bg6 23. e4 Kc6 24. h4 Rxa3 25. h5 Bxe4 26. Rh4 b4 27. Rg7
Ra1+ 28. Kf2 b3 29. fxe4 b2 30. Rh1 b1=Q {White resigns} 0-1

[Event "Team 45 45 League T37"]
[Site "Internet Chess Club"]
[Date "2008.04.26"]
[Round "1"]
[White "nanning"]
[Black "Warpdrive"]
[Result "0-1"]
[WhiteElo "1664"]
[BlackElo "1735"]
[Opening "Sicilian: Alapin's variation (2.c3)"]
[ECO "B22"]
[Time "14:48:42"]
[TimeControl "2700+45"]

1. e4 c5 2. c3 d5 3. exd5 Qxd5 4. d4 cxd4 5. cxd4 Nc6 6. Nf3 e5 7. Nc3 Bb4 8.
Nxe5 Qxd4 9. Nxc6 Bxc3+ 10. bxc3 Qxc3+ 11. Bd2 Qxc6 12. Rc1 Qe4+ 13. Be3 Bd7 14.
Rc7 Bc6 15. Qb3 Ne7 16. f3 Qe5 17. Rxc6 bxc6 18. Bc4 Rb8 19. Qd3 Qa1+ 20. Kf2
Rb2+ 21. Kg3 Qxh1 22. Bf2 Qc1 23. Qe4 Qg5+ 24. Kh3 {White resigns} 0-1

[Event "Team 45 45 League T37"]
[Site "Internet Chess Club"]
[Date "2008.04.25"]
[Round "1"]
[White "matein7"]
[Black "Despair"]
[Result "1/2-1/2"]
[WhiteElo "1981"]
[BlackElo "1973"]
[Opening "Queen's pawn: English defense"]
[ECO "A40"]
[Time "19:21:55"]
[TimeControl "2700+45"]

1. d4 b6 2. e4 Bb7 3. Nc3 g6 4. g3 Bg7 5. Bg2 Nf6 6. Nh3 O-O 7. O-O e6 8. Bg5 h6
9. e5 Bxg2 10. exf6 Bh8 11. Kxg2 hxg5 12. Nxg5 Bxf6 13. Nge4 d5 14. Nxf6+ Qxf6
15. Ne2 {Game drawn by mutual agreement} 1/2-1/2

[Event "Team 45 45 League T37"]
[Site "Internet Chess Club"]
[Date "2008.04.28"]
[Round "1"]
[White "Aces"]
[Black "markgravitygood"]
[Result "0-1"]
[WhiteElo "1764"]
[BlackElo "1816"]
[Opening "Queen's pawn: stonewall attack"]
[ECO "D00"]
[Time "19:06:33"]
[TimeControl "2700+45"]

1. d4 d5 2. e3 Nf6 3. Bd3 c5 4. c3 e6 5. Nd2 Qc7 6. f4 Be7 7. Ngf3 a6 8. Ne5
Nbd7 9. O-O b5 10. a4 c4 11. Bc2 b4 12. g4 g6 13. g5 Nh5 14. Qf3 Nxe5 15. fxe5
b3 16. Bb1 Bxg5 17. e4 Bxd2 18. Bxd2 Bb7 19. exd5 Bxd5 20. Be4 Rd8 21. Bg5 Rd7
22. Rae1 Rg8 23. Qh3 Qc6 24. Bf3 Bxf3 25. Rxf3 Qd5 26. Ref1 f5 27. Qg2 Rf7 28.
Qe2 Kd7 29. Rd1 Kc6 30. Rh3 Rh8 31. Bh6 Rd8 32. Bg5 Rh8 33. Bh6 Rd8 34. Bg5 Rdd7
35. Qf1 f4 36. Rf3 Rf5 37. Qg2 Rxg5 {White resigns} 0-1

[Event "Team 45 45 League T37"]
[Site "Internet Chess Club"]
[Date "2008.04.26"]
[Round "1"]
[White "Lazerpawn"]
[Black "BigH"]
[Result "1-0"]
[WhiteElo "1671"]
[BlackElo "1577"]
[Opening "Sicilian: Smith-Morra gambit"]
[ECO "B21"]
[Time "12:00:59"]
[TimeControl "2700+45"]

1. e4 c5 2. d4 cxd4 3. c3 dxc3 4. Nxc3 Nc6 5. Nf3 d6 6. Bc4 e6 7. Bf4 a6 8. Qe2
b5 9. Bb3 e5 10. Ng5 Nh6 11. Be3 Nd4 12. Bxd4 exd4 13. Nd5 Be7 14. Nf3 O-O 15.
Nxd4 Qa5+ 16. Qd2 Qxd2+ 17. Kxd2 Bd8 18. Nc6 Bb7 19. Rac1 Bxc6 20. Rxc6 Ba5+ 21.
Ke2 Rfd8 22. f3 Kf8 23. Rhc1 Ng8 24. Nc7 Bxc7 25. Rxc7 Ne7 26. Rb7 Rdc8 27. Rcc7
Rxc7 28. Rxc7 Ke8 29. Rb7 Rc8 30. a4 Rc5 31. axb5 Rxb5 32. Ba4 d5 33. Bxb5+ axb5
34. Rxb5 dxe4 35. fxe4 Nc6 36. Rb7 g6 37. b4 f5 38. b5 Ne7 39. exf5 gxf5 40. Kf3
Kd8 41. Kf4 {Black resigns} 1-0

[Event "Team 45 45 League T37"]
[Site "Internet Chess Club"]
[Date "2008.04.26"]
[Round "1"]
[White "pelayo"]
[Black "DavidPayne"]
[Result "1-0"]
[WhiteElo "1612"]
[BlackElo "1495"]
[Opening "Ruy Lopez: open, 7.Bb3"]
[ECO "C80"]
[Time "00:02:08"]
[TimeControl "2700+45"]

1. e4 e5 2. Nf3 Nc6 3. Bb5 a6 4. Ba4 Nf6 5. O-O b5 6. Bb3 Nxe4 7. d4 Bd6 8. dxe5
Bb4 9. c3 Nxc3 10. Nxc3 O-O 11. Nd5 Bc5 12. Bg5 Be7 13. Nxe7+ Nxe7 14. Rc1 Bb7
15. Nd4 h6 16. Bxe7 Qxe7 17. Rxc7 Rab8 18. e6 Qg5 19. exf7+ Kh8 20. g3 Qe5 21.
Rxd7 Qe4 22. f3 Qe3+ 23. Rf2 Rfd8 24. Qe2 Qxe2 25. Rxe2 Rxd7 26. Re8+ Kh7 27.
Rxb8 Rxf7 28. Bxf7 {Black resigns} 1-0

[Event "Team 45 45 League T37"]
[Site "Internet Chess Club"]
[Date "2008.04.29"]
[Round "1"]
[White "Chessrascal"]
[Black "pestka"]
[Result "0-1"]
[WhiteElo "2090"]
[BlackElo "2236"]
[Opening "Sicilian: closed, 6.f4"]
[ECO "B25"]
[Time "09:03:11"]
[TimeControl "2700+45"]

1. e4 c5 2. Nc3 Nc6 3. g3 g6 4. Bg2 Bg7 5. d3 d6 6. f4 e6 7. Nf3 Nge7 8. O-O O-O
9. Be3 Nd4 10. e5 Nef5 11. Bf2 Bd7 12. exd6 Bc6 13. Rb1 Nxd6 14. Nxd4 cxd4 15.
Ne4 Rc8 16. Qd2 Qc7 17. Rfc1 Rfd8 18. Qe2 b6 19. Be1 Nf5 20. Bd2 Qb7 21. Qf2 Nd6
22. Qe2 Qa6 23. a3 Nxe4 24. Bxe4 Bxe4 25. Qxe4 Rd7 26. Bb4 Qb7 27. Qxb7 Rxb7 28.
c4 dxc3 29. Bxc3 Rbc7 30. Bd2 Bxb2 31. Rxc7 Bd4+ 32. Kf1 Rxc7 33. Ke2 Rc2 34. h3
Bc3 35. Rd1 Kf8 36. Ke3 Bxd2+ 37. Rxd2 Rxd2 38. Kxd2 Ke7 39. Kc3 Kd6 40. Kd4 b5
41. g4 f6 42. h4 e5+ 43. fxe5+ fxe5+ 44. Ke4 a5 45. d4 exd4 46. Kxd4 b4 47. axb4
axb4 48. h5 b3 49. Kc3 Ke5 50. Kxb3 Kf4 51. Kc3 Kxg4 52. hxg6 hxg6 53. Kd3 Kf3
54. Kd2 Kf2 55. Kd3 g5 56. Ke4 g4 57. Kf4 g3 58. Kg4 g2 59. Kh3 g1=Q 60. Kh4 Qg6
{White resigns} 0-1

[Event "Team 45 45 League T37"]
[Site "Internet Chess Club"]
[Date "2008.04.26"]
[Round "1"]
[White "VanillaQueen"]
[Black "Selalmazidis"]
[Result "1-0"]
[WhiteElo "1893"]
[BlackElo "1998"]
[Opening "Queen's pawn game, Chigorin variation"]
[ECO "D02"]
[Time "15:00:41"]
[TimeControl "2700+45"]

1. d4 d5 2. Nf3 Nc6 3. g3 Nf6 4. Bg2 e6 5. O-O Bd6 6. Nbd2 O-O 7. c4 b6 8. Re1
Bb7 9. e4 dxe4 10. Nxe4 Nxe4 11. Rxe4 Na5 12. Rh4 Be7 13. Rh3 c5 14. Be3 Be4 15.
b3 Rc8 16. Nh4 Bxg2 17. Nxg2 Bf6 18. Qh5 Re8 19. Qxh7+ Kf8 20. Rd1 cxd4 21. Bd2
Nc6 22. Qe4 Qd6 23. Rh8+ Ke7 24. Rxe8+ Kxe8 25. Bf4 e5 26. Bc1 Qe6 27. Re1 Kd7
28. Nh4 g6 29. Nf3 Rh8 30. Bg5 Bg7 31. Qd5+ Qxd5 32. cxd5 Nb4 33. Nxe5+ Bxe5 34.
Rxe5 Re8 35. Rxe8 Kxe8 36. a3 Nxd5 37. Kf1 f6 38. Bc1 Kd7 39. Ke2 Kd6 40. Kd3
Ke5 41. f4+ Kf5 42. h3 Nc3 43. Bb2 Nb5 44. a4 Nd6 45. Bc1 Ke6 46. Ba3 Nf5 47. g4
Ne3 48. Bc1 Nd1 49. Kxd4 Nf2 50. Kc4 Kd6 51. Kb5 Kc7 52. Bb2 Kb7 53. Bxf6 Nxh3
54. f5 gxf5 55. gxf5 Nf4 56. Bg7 a6+ 57. Kc4 Nh5 58. f6 Nxf6 59. Bxf6 Kc6 60.
Kd4 b5 61. a5 Kd6 62. Be5+ {Black resigns} 1-0

[Event "Team 45 45 League T37"]
[Site "Internet Chess Club"]
[Date "2008.04.27"]
[Round "1"]
[White "HocusPocus"]
[Black "tourettes"]
[Result "1-0"]
[WhiteElo "2016"]
[BlackElo "1731"]
[Opening "French: Winawer, advance, Bogolyubov variation"]
[ECO "C17"]
[Time "10:23:38"]
[TimeControl "2700+45"]

1. e4 e6 2. d4 d5 3. Nc3 Bb4 4. e5 c5 5. Bd2 Ne7 6. Nb5 Bxd2+ 7. Qxd2 O-O 8.
dxc5 Nd7 9. f4 Nxc5 10. O-O-O Ne4 11. Qe1 Qb6 12. Nh3 Nf5 13. Nc3 Nxc3 14. Qxc3
Bd7 15. Bd3 Rfc8 16. Qd2 Ne3 17. Rde1 Nc4 18. Bxc4 Rxc4 19. Kb1 Rac8 20. Rc1 a5
21. Rhf1 Rb4 22. c3 Rbc4 23. Ng5 h6 24. Nf3 Qc7 25. Rc2 Bb5 26. Rfc1 a4 27. Nd4
Bd7 28. a3 Qb6 29. g4 Qd8 30. g5 hxg5 31. fxg5 Qc7 32. Qf4 Rf8 33. Rf2 b5 34. g6
Bc8 35. Rcf1 f5 36. Qh4 Re8 37. Qh7+ Kf8 38. Qh8+ Ke7 39. Qxg7+ Kd8 40. Qf6+ Qe7
41. Nxb5 Rf8 42. Qxe7+ Kxe7 43. Nd4 Ba6 44. Rg1 Rcc8 45. g7 Rg8 46. Kc2 Kd7 47.
h4 {Black resigns} 1-0

[Event "Team 45 45 League T37"]
[Site "Internet Chess Club"]
[Date "2008.04.29"]
[Round "1"]
[White "crankn8tr"]
[Black "b-spot"]
[Result "0-1"]
[WhiteElo "1690"]
[BlackElo "1783"]
[Opening "French: exchange variation"]
[ECO "C01"]
[Time "19:04:49"]
[TimeControl "2700+45"]

1. e4 e6 2. d4 d5 3. exd5 exd5 4. Bd3 Nc6 5. Nf3 Bg4 6. c3 Bd6 7. Nbd2 Nge7 8.
O-O Qd7 9. Qc2 O-O-O 10. Ng5 Ng6 11. Nb3 h6 12. Nc5 Bxc5 13. dxc5 hxg5 14. Bxg6
fxg6 15. Qxg6 Rh5 16. f3 Ne5 17. Qc2 Be6 18. Re1 Nc6 19. Qg6 Rh6 20. Qxg5 Rdh8
21. Bf4 Rh5 22. Qg3 d4 23. Rad1 Rxc5 24. cxd4 Rd5 25. Be5 Nxe5 26. Rxe5 Rxe5 27.
Qxe5 Rd8 28. b3 g6 29. Kf2 Qc6 30. Re1 Re8 31. d5 Qc5+ 32. Kf1 Bf7 33. Qg7 Rxe1+
34. Kxe1 Qxd5 35. Qh8+ Kd7 36. Qc3 b6 37. Kf2 Qc5+ 38. Qxc5 bxc5 39. Ke3 Kc6 40.
h4 Kd5 41. g4 c4 42. bxc4+ Kxc4 43. f4 Kd5 44. Kd3 c5 45. a3 c4+ 46. Ke3 a6 47.
f5 gxf5 48. gxf5 Ke5 49. f6 Kxf6 50. Kd4 Kg6 51. Kc3 Kh5 52. Kd4 Kxh4 53. Ke3
Kg3 54. Ke2 Kf4 55. Kd2 Ke4 56. Kc3 Ke3 57. a4 Ke2 58. a5 Kd1 59. Kb4 Kd2 60.
Kc5 c3 {White resigns} 0-1

[Event "Team 45 45 League T37"]
[Site "Internet Chess Club"]
[Date "2008.04.24"]
[Round "1"]
[White "primerpaso"]
[Black "PandorasBox"]
[Result "1/2-1/2"]
[WhiteElo "1752"]
[BlackElo "2026"]
[Opening "English opening"]
[ECO "D35"]
[Time "18:32:18"]
[TimeControl "2700+45"]

1. c4 e6 2. Nc3 d5 3. cxd5 exd5 4. d4 Nf6 5. Nf3 c6 6. Bf4 Qb6 7. Qc2 Be7 8. e3
Na6 9. a3 Bf5 10. Bd3 Bxd3 11. Qxd3 O-O 12. b4 Nc7 13. Bxc7 Qxc7 14. O-O a6 15.
Rfc1 Bd6 16. Rab1 Qe7 17. Na4 Ne4 18. Nc5 f5 19. Ne5 Rf6 20. f3 Nxc5 21. bxc5
Bxe5 22. dxe5 Qxe5 23. Rxb7 Re6 24. Rb6 Rh6 25. g3 Re6 {Game drawn by mutual
agreement} 1/2-1/2